 Dungeon Crawl Stone Soup version 0.22.1-1-ga44c0e56f4 (webtiles) character file.

780 Reeggar the Slasher (level 7, 0/55 HPs)
             Began as a Demonspawn Abyssal Knight on Oct 30, 2018.
             Was a Priest of Lugonu.
             Succumbed to a killer bee's poison
             ... on level 4 of the Dungeon.
             The game lasted 00:18:39 (4692 turns).

Reeggar the Slasher (Demonspawn Abyssal Knight)     Turns: 4692, Time: 00:18:40

Health: 0/55       AC: 12    Str: 14    XL:     7   Next: 55%
Magic:  8/8        EV: 10    Int: 13    God:    Lugonu [***...]
Gold:   152        SH:  0    Dex: 13    Spells: 6/6 levels left

rFire    + + .     SeeInvis .   a - +1 falchion
rCold    + . .     Gourm    .   (no shield)
rNeg     . . .     Faith    .   i - +0 chain mail
rPois    .         Spirit   .   (no helmet)
rElec    .         Reflect  .   g - scarf {rC+ rF+}
rCorr    .         Harm     .   (no gloves)
MR       +....                  d - +2 pair of boots
Stlth    ..........             p - amulet of regeneration
HPRegen  0.58/turn              e - ring of protection from magic
MPRegen  0.11/turn              o - ring of protection from fire

@: lethally poisoned (0 -> -2)
A: talons 1, repulsion field 2
a: Depart the Abyss, Bend Space, Banish, Renounce Religion


You were on level 4 of the Dungeon.
You worshipped Lugonu.
Lugonu was most pleased with you.
You were not hungry.

You visited 1 branch of the dungeon, and saw 4 of its levels.
You visited the Abyss 1 time.

You collected 152 gold pieces.

Inventory:

Hand Weapons
 a - a +1 falchion (weapon)
Armour
 d - a +2 pair of boots (worn)
 g - a scarf of resistance (worn)
 i - a +0 chain mail (worn)
 s - a +0 plate armour
Jewellery
 b - an uncursed amulet of rage
 e - a ring of protection from magic (left hand)
 h - an uncursed ring of wizardry {unknown}
 o - a ring of protection from fire (right hand)
 p - an amulet of regeneration (around neck)
Wands
 k - a wand of flame (16)
Scrolls
 n - a scroll of amnesia
 q - 6 scrolls of teleportation
 r - a scroll of magic mapping
 t - a scroll of remove curse
Potions
 f - a potion of ambrosia
 j - a potion of agility {unknown}
 m - a potion of lignification {unknown}
Comestibles
 c - 8 rations


   Skills:
 + Level 4.7 Fighting
 + Level 5.0 Long Blades
 + Level 4.5 Armour
 + Level 1.9 Dodging
 - Level 0.4 Stealth
 + Level 2.4 Invocations
 * Level 1.8 Evocations


You had 6 spell levels left.
You didn't know any spells.
Your spell library contained the following spells:

 Spells                   Type           Power        Failure   Level  Hunger
 Animate Skeleton         Necr           N/A          100%        1    ##.....
 Apportation              Tloc           #.....       100%        1    ##.....
 Confusing Touch          Hex            #.....       100%        1    ##.....
 Summon Small Mammal      Summ           #...         100%        1    ##.....


Dungeon Overview and Level Annotations

Branches:
Dungeon (4/15)
 Temple: D:4-7

Altars:
Gozag
Kikubaaqudgha
Nemelex Xobeh
Ru
Wu Jian
Zin


Innate Abilities, Weirdness & Mutations

You have sharp toenails.
You are surrounded by a moderate repulsion field. (EV +3)


Message History

* * * LOW HITPOINT WARNING * * *
You are more poisoned.
The killer bee poisons you!
You hit the killer bee but do no damage.
The killer bee is severely wounded.
You feel sick. The killer bee barely misses you. x2
You hit the killer bee.
The killer bee is severely wounded.
You feel sick.
The killer bee stings you but does no damage.
The killer bee barely misses you.
You riposte.
You hit the killer bee.
You kill the killer bee!
Lugonu accepts your kill.
Your Long Blades skill increases to level 5!
* * * LOW HITPOINT WARNING * * *
You feel sick. The leopard gecko bites you.
* * * LOW HITPOINT WARNING * * *
You hit the leopard gecko but do no damage.
The leopard gecko is severely wounded.
You die...

#....#..## ##.#
##..#...># ###
#..##...##
###.......# ####
###.........###..#
....#..(........#
....###.........#
....####.......###
.....###.......l@##
...............##.#
.....#........#####
....####......#
....###.......#
...##.........#
.### ##.......## ##
##.......#
##.........#


You could see a leopard gecko.

Vanquished Creatures
  Grinder (D:3)
  A hungry ghost (D:4)
  4 killer bees (D:4)
  A crimson imp (D:3)
  Terence (D:3)
  2 worker ants (D:4)
  3 gnolls (D:3)
  4 adders
  2 oozes (D:2)
  3 worms
  2 dart slugs
  4 leopard geckos
  3 orcs
  6 bats
  3 giant cockroaches
  9 goblins
  9 hobgoblins
  3 jackals (D:2)
  2 quokkas (D:2)
  9 frilled lizards
  6 kobolds
  A leopard gecko skeleton (D:4)
  11 rats
90 creatures vanquished.

Notes
Turn   | Place    | Note
-------+----------+-------------------------------------------
     0 | Abyss:1  | Reeggar the Demonspawn Abyssal Knight began the quest for
                  | the Orb.
     0 | Abyss:1  | Reached XP level 1. HP: 18/18 MP: 2/2
    50 | D:1      | Escaped the Abyss
   136 | D:1      | Reached skill level 2 in Long Blades
   261 | D:1      | Gained mutation: You are surrounded by a mild repulsion
                  | field. (EV +2) [demonic ancestry]
   261 | D:1      | Reached XP level 2. HP: 21/24 MP: 3/3
   429 | D:1      | You fall through a shaft!
   439 | D:2      | Reached skill level 1 in Dodging
   933 | D:1      | Reached XP level 3. HP: 29/29 MP: 4/4
   962 | D:1      | Reached ** piety under Lugonu
  1525 | D:2      | Found an ancient bone altar of Kikubaaqudgha.
  1748 | D:2      | Found a sparkling altar of Nemelex Xobeh.
  1811 | D:2      | Found a glowing silver altar of Zin.
  1827 | D:2      | Gained mutation: You are surrounded by a moderate repulsion
                  | field. (EV +3) [demonic ancestry]
  1827 | D:2      | Reached XP level 4. HP: 29/37 MP: 5/5
  1918 | D:2      | Found a sparkling altar of Nemelex Xobeh.
  1993 | D:2      | Found an opulent altar of Gozag.
  2339 | D:2      | Reached skill level 3 in Long Blades
  2662 | D:3      | Noticed Terence
  2697 | D:3      | Killed Terence
  2697 | D:3      | Reached XP level 5. HP: 12/42 MP: 6/6
  3207 | D:3      | Found a sacrificial altar of Ru.
  3294 | D:3      | Reached *** piety under Lugonu
  3397 | D:3      | Noticed Grinder
  3421 | D:3      | Paralysed by Grinder for 5 turns
  3456 | D:3      | Paralysed by Grinder for 5 turns
  3478 | D:3      | Killed Grinder
  3478 | D:3      | Reached skill level 4 in Long Blades
  3478 | D:3      | Gained mutation: You have sharp toenails. [demonic
                  | ancestry]
  3478 | D:3      | Reached XP level 6. HP: 18/49 MP: 7/7
  3932 | D:4      | Found an ornate altar of the Wu Jian Council.
  4473 | D:4      | Noticed a hungry ghost
  4494 | D:4      | Killed a hungry ghost
  4494 | D:4      | Reached skill level 1 in Evocations
  4494 | D:4      | Reached XP level 7. HP: 54/55 MP: 8/8
  4690 | D:4      | Reached skill level 5 in Long Blades
  4691 | D:4      | HP: 1/55 [leopard gecko (3)]
  4692 | D:4      | Succumbed to a killer bee's poison

Skill      XL: |  1  2  3  4  5  6  7 |
---------------+----------------------+-----
Long Blades    | 2 3 4 5 |  5.0
Dodging        | 1 |  1.9
Armour         | 2 3 4 |  4.5
Fighting       | 4 |  4.7
Evocations     | 1 |  1.8
Stealth        | |  0.4
Invocations    | |  2.4

Action                   |  1- 3 |  4- 6 |  7- 9 || total
-------------------------+-------+-------+-------++-------
Melee: Falchion          |   128 |   257 |    46 ||   431
  Use: Scroll            |     2 |    10 |       ||    12
       Potion            |       |     3 |     2 ||     5
  Eat: Chunk             |     1 |     4 |     1 ||     6
       Ration            |     1 |     1 |     1 ||     3
Armor: Leather armour    |    17 |       |       ||    17
       Chain mail        |    52 |   153 |    41 ||   246
Dodge: Dodged            |    64 |   118 |    64 ||   246
       Rpst.: Falchion   |    23 |    48 |    25 ||    96
